3L
GREENVILLE 84S @ PHILADELPHIA 1776 BC
06/24/2026
 
TOP OF THE 1ST
Greenville 84s batting - Pitching for Philadelphia 1776 BC : LHP Luis Torres
Pitching: LHP Luis Torres
Batting: RHB Joe Craig 0-0: Ball
1-0: Ball
2-0: Foul Ball, location: 2F
2-1: Called Strike
2-2: Ball
3-2: Foul Ball, location: 2F
3-2: Foul Ball, location: 2F
3-2: Foul Ball, location: 2F
3-2: DOUBLE (Line Drive, 9D)
Batting: SHB Jorge Barrios 0-0: Ball
1-0: Called Strike
1-1: Sac Bunt - play at first, batter OUT! 1-3
Joe Craig to third
Batting: RHB Tommy Stanley 0-0: Ground out U3 (Groundball, 34)
Joe Craig scores
Batting: RHB Dani Serrano 0-0: Called Strike
0-1: Foul Ball, location: 2F
0-2: Strikes out looking
Top of the 1st over - 1 run(s), 1 hit(s), 0 error(s), 0 left on base; Greenville 1 - Philadelphia 1776 0
BOTTOM OF THE 1ST
Philadelphia 1776 BC batting - Pitching for Greenville 84s : RHP Sukejuro Yokoyama
Pitching: RHP Sukejuro Yokoyama
Batting: RHB Jesús Orozco 0-0: Ball
1-0: Ball
2-0: Swinging Strike
2-1: Called Strike
2-2: SINGLE (Groundball, 4M) (infield hit)
Batting: LHB Cliff Aldridge 0-0: Called Strike
0-1: Ball
1-1: Called Strike
1-2: Ball
2-2: SINGLE (Groundball, 3) (infield hit)
Jesús Orozco to second
Batting: RHB Russell Jackson 0-0: Called Strike
0-1: Swinging Strike
0-2: Strikes out swinging
Batting: LHB Héctor Torres 0-0: Swinging Strike
0-1: Ball
1-1: Called Strike
Jesús Orozco is caught stealing 3rd base
Cliff Aldridge to second
1-2: Ball
2-2: Strikes out swinging
Bottom of the 1st over - 0 run(s), 2 hit(s), 0 error(s), 1 left on base; Greenville 1 - Philadelphia 1776 0
TOP OF THE 2ND
Greenville 84s batting - Pitching for Philadelphia 1776 BC : LHP Luis Torres
Batting: LHB Tom Benjamin 0-0: Ball
1-0: Ball
2-0: Ball
3-0: Called Strike
3-1: Fly out, F8 (Flyball, 78M)
Batting: RHB Rodrigo Lugo 0-0: Called Strike
0-1: Ground out 6-3 (Groundball, 6)
Batting: SHB Al Anderson 0-0: Ball
1-0: Called Strike
1-1: Swinging Strike
1-2: Foul Ball, location: 2F
1-2: Foul Ball, location: 2F
1-2: Strikes out swinging
Top of the 2nd over - 0 run(s), 0 hit(s), 0 error(s), 0 left on base; Greenville 1 - Philadelphia 1776 0
BOTTOM OF THE 2ND
Philadelphia 1776 BC batting - Pitching for Greenville 84s : RHP Sukejuro Yokoyama
Batting: LHB Rubén López 0-0: Ground out 3-1 (Groundball, 34)
Batting: SHB Jesús Cabañe 0-0: Called Strike
0-1: Fly out, F4 (Popup, 4S)
Batting: LHB Tony Vega 0-0: Ball
1-0: Called Strike
1-1: Ball
2-1: Ball
3-1: Foul Ball, location: 2F
3-2: Base on Balls
Batting: RHB Patrizio Vanali 0-0: Ball
1-0: Called Strike
1-1: Ball
2-1: Ball
3-1: Fly out, F7 (Line Drive, 7S)
Bottom of the 2nd over - 0 run(s), 0 hit(s), 0 error(s), 1 left on base; Greenville 1 - Philadelphia 1776 0
TOP OF THE 3RD
Greenville 84s batting - Pitching for Philadelphia 1776 BC : LHP Luis Torres
Batting: RHB Yoshihito Saikawa 0-0: Called Strike
0-1: Ball
1-1: Ball
2-1: Ball
3-1: Called Strike
3-2: Strikes out looking
Batting: RHB Robbie Chambers 0-0: SINGLE (Line Drive, 6MD)
Batting: RHB Joe Craig 0-0: Ball
Robbie Chambers is caught stealing 2nd base
1-0: Ball
2-0: Called Strike
2-1: Ball
3-1: Called Strike
3-2: Base on Balls
Batting: SHB Jorge Barrios 0-0: Called Strike
0-1: Ball
1-1: Ball
2-1: Ball
3-1: Swinging Strike
3-2: Fly out, F8 (Flyball, 8LM)
Top of the 3rd over - 0 run(s), 1 hit(s), 0 error(s), 1 left on base; Greenville 1 - Philadelphia 1776 0
BOTTOM OF THE 3RD
Philadelphia 1776 BC batting - Pitching for Greenville 84s : RHP Sukejuro Yokoyama
Batting: RHB Mark Allen 0-0: Ball
1-0: Called Strike
1-1: Ball
2-1: Foul Ball, location: 2F
2-2: Foul Ball, location: 2F
2-2: Strikes out swinging
Batting: RHB Jesús Orozco 0-0: Ball
1-0: Foul Ball, location: 2F
1-1: Ground out 4-3 (Groundball, 4)
Batting: LHB Cliff Aldridge 0-0: Fly out, F8 (Flyball, 8LD)
Bottom of the 3rd over - 0 run(s), 0 hit(s), 0 error(s), 0 left on base; Greenville 1 - Philadelphia 1776 0
TOP OF THE 4TH
Greenville 84s batting - Pitching for Philadelphia 1776 BC : LHP Luis Torres
Batting: RHB Tommy Stanley 0-0: Foul Ball, location: 2F
0-1: Ball
1-1: Ball
2-1: Foul Ball, location: 2F
2-2: Foul Ball, location: 2F
2-2: Foul Ball, location: 2F
2-2: Ball
3-2: Fly out, F9 (Flyball, 9S)
Batting: RHB Dani Serrano 0-0: Ground out 6-3 (Groundball, 6)
Batting: LHB Tom Benjamin 0-0: Foul Ball, location: 2F
0-1: Ball
1-1: Called Strike
1-2: Ball
2-2: Ball
3-2: SINGLE (Groundball, 4MD)
Batting: RHB Rodrigo Lugo 0-0: Called Strike
0-1: Ground out 6-3 (Groundball, 6M)
Top of the 4th over - 0 run(s), 1 hit(s), 0 error(s), 1 left on base; Greenville 1 - Philadelphia 1776 0
BOTTOM OF THE 4TH
Philadelphia 1776 BC batting - Pitching for Greenville 84s : RHP Sukejuro Yokoyama
Batting: RHB Russell Jackson 0-0: Foul Ball, location: 2F
0-1: Called Strike
0-2: Ball
1-2: Ball
2-2: Ball
3-2: Strikes out looking
Batting: LHB Héctor Torres 0-0: Called Strike
0-1: Swinging Strike
0-2: Ball
1-2: Fly out, F8 (Flyball, 8LM)
Batting: LHB Rubén López 0-0: Ball
1-0: Ball
2-0: Ball
3-0: Called Strike
3-1: Base on Balls
Batting: SHB Jesús Cabañe 0-0: Ground out 6-3 (Groundball, 6M)
Bottom of the 4th over - 0 run(s), 0 hit(s), 0 error(s), 1 left on base; Greenville 1 - Philadelphia 1776 0
TOP OF THE 5TH
Greenville 84s batting - Pitching for Philadelphia 1776 BC : LHP Luis Torres
Batting: SHB Al Anderson 0-0: Swinging Strike
0-1: Ground out 6-3 (Groundball, 6)
Batting: RHB Yoshihito Saikawa 0-0: SINGLE (Flyball, 9S)
Batting: RHB Robbie Chambers 0-0: Ball
1-0: Swinging Strike
1-1: Ball
2-1: Ball
3-1: Base on Balls
Yoshihito Saikawa to second
Batting: RHB Joe Craig 0-0: Ball
1-0: Foul Ball, location: 2F
1-1: Called Strike
1-2: Foul Ball, location: 2F
1-2: Foul Ball, location: 2F
1-2: Strikes out swinging
Batting: SHB Jorge Barrios 0-0: Ball
1-0: Ball
2-0: Foul Ball, location: 2F
2-1: Ball
3-1: Called Strike
3-2: Foul Ball, location: 2F
3-2: Ground out 4-3 (Groundball, 4)
Top of the 5th over - 0 run(s), 1 hit(s), 0 error(s), 2 left on base; Greenville 1 - Philadelphia 1776 0
BOTTOM OF THE 5TH
Philadelphia 1776 BC batting - Pitching for Greenville 84s : RHP Sukejuro Yokoyama
Batting: LHB Tony Vega 0-0: Ball
1-0: Ball
2-0: Ball
3-0: Base on Balls
Batting: RHB Patrizio Vanali 0-0: Ball
1-0: Bunted foul
1-1: Bunted foul
1-2: Strikes out swinging
Batting: RHB Mark Allen 0-0: Ball
Tony Vega steals 2nd base
1-0: Ball
2-0: Ball
3-0: Base on Balls
Batting: RHB Jesús Orozco 0-0: Ball
Tony Vega steals 3rd base
Mark Allen to second
1-0: Ground out 1-3 (Groundball, P)
Batting: LHB Cliff Aldridge 0-0: Ball
1-0: Called Strike
1-1: Ground out 6-3 (Groundball, 6S)
Bottom of the 5th over - 0 run(s), 0 hit(s), 0 error(s), 2 left on base; Greenville 1 - Philadelphia 1776 0
TOP OF THE 6TH
Greenville 84s batting - Pitching for Philadelphia 1776 BC : LHP Luis Torres
Batting: RHB Tommy Stanley 0-0: SINGLE (Groundball, 6MD)
Batting: RHB Dani Serrano 0-0: Ball
1-0: Ball
2-0: Ball
3-0: Fly out, F9 (Flyball, 9)
Batting: LHB Tom Benjamin 0-0: Called Strike
0-1: Ball
1-1: Ball
2-1: DOUBLE (Line Drive, 9LM)
Tommy Stanley to third
Batting: RHB Rodrigo Lugo 0-0: Called Strike
0-1: Ball
1-1: Ground out 6-3 (Groundball, 6)
Batting: SHB Al Anderson 0-0: Called Strike
0-1: Swinging Strike
0-2: Ball
1-2: Foul Ball, location: 2F
1-2: Foul Ball, location: 2F
1-2: Foul Ball, location: 2F
1-2: Ball
2-2: Ground out 5-3 (Groundball, 56S)
Top of the 6th over - 0 run(s), 2 hit(s), 0 error(s), 2 left on base; Greenville 1 - Philadelphia 1776 0
BOTTOM OF THE 6TH
Philadelphia 1776 BC batting - Pitching for Greenville 84s : RHP Sukejuro Yokoyama
Batting: RHB Russell Jackson 0-0: Ball
1-0: Swinging Strike
1-1: Swinging Strike
1-2: Ground out 1-3 (Groundball, P)
Batting: LHB Héctor Torres 0-0: Ball
1-0: Ball
2-0: SINGLE (Groundball, 6MD)
Batting: LHB Rubén López 0-0: Ball
1-0: Foul Ball, location: 2F
1-1: Ball
2-1: SINGLE (Groundball, 34D)
Héctor Torres to second
Runner from 2nd tries for 3rd, SAFE, throw made to third
Batting: SHB Jesús Cabañe 0-0: Called Strike
0-1: Ball
1-1: Swinging Strike
1-2: Ball
2-2: SINGLE (Groundball, 6D)
Héctor Torres scores
Rubén López to second
Batting: LHB Tony Vega 0-0: Foul Ball, location: 2F
0-1: Ball
1-1: Ball
2-1: Foul Ball, location: 2F
2-2: Fly out, F5 (Line Drive, 56S)
Pitching: RHP Arinori Shibata
Batting: RHB Patrizio Vanali 0-0: Called Strike
0-1: Ball
1-1: Foul Ball, location: 2F
1-2: Ball
2-2: Foul Ball, location: 2F
2-2: SINGLE (Groundball, 6MD)
Rubén López to third
Jesús Cabañe to second
Runner from 3rd tries for Home, SAFE, no throw
Batting: RHB Mark Allen 0-0: Swinging Strike
0-1: Ball
1-1: Ball
2-1: Fly out, F7 (Flyball, 7)
Bottom of the 6th over - 2 run(s), 4 hit(s), 0 error(s), 2 left on base; Greenville 1 - Philadelphia 1776 2
TOP OF THE 7TH
Greenville 84s batting - Pitching for Philadelphia 1776 BC : LHP Luis Torres
Batting: RHB Yoshihito Saikawa 0-0: Ball
1-0: Called Strike
1-1: Ground out 5-3 (Groundball, 56)
Batting: RHB Robbie Chambers 0-0: Ball
1-0: Ball
2-0: Foul Ball, location: 2F
2-1: Ball
3-1: Ground out 1-3 (Groundball, 13S)
Batting: RHB Joe Craig 0-0: Ground out U3 (Groundball, 3)
Top of the 7th over - 0 run(s), 0 hit(s), 0 error(s), 0 left on base; Greenville 1 - Philadelphia 1776 2
BOTTOM OF THE 7TH
Philadelphia 1776 BC batting - Pitching for Greenville 84s : RHP Arinori Shibata
Batting: RHB Jesús Orozco 0-0: Ball
1-0: Ball
2-0: Ball
3-0: Called Strike
3-1: Foul Ball, location: 2F
3-2: Fly out, F2 (Popup, 2R)
Batting: LHB Cliff Aldridge 0-0: Ball
1-0: Ground out U3 (Groundball, 34)
Batting: RHB Russell Jackson 0-0: Called Strike
0-1: Ball
1-1: Called Strike
1-2: Foul Ball, location: 2F
1-2: Ball
2-2: Ball
3-2: Strikes out swinging
Bottom of the 7th over - 0 run(s), 0 hit(s), 0 error(s), 0 left on base; Greenville 1 - Philadelphia 1776 2
TOP OF THE 8TH
Greenville 84s batting - Pitching for Philadelphia 1776 BC : LHP Luis Torres
Pitching: RHP Carlos Ramos
Batting: SHB Jorge Barrios 0-0: Ball
1-0: Ball
2-0: Called Strike
2-1: Swinging Strike
2-2: Strikes out looking
Batting: RHB Tommy Stanley 0-0: Ball
1-0: Ball
2-0: Ball
3-0: Called Strike
3-1: Called Strike
3-2: Base on Balls
Batting: RHB Dani Serrano 0-0: Called Strike
0-1: Ball
1-1: Ball
2-1: Called Strike
2-2: SINGLE (Groundball, 56D)
Tommy Stanley to second
Batting: LHB Tom Benjamin 0-0: Fly out, F4 (Popup, 4S)
Batting: RHB Rodrigo Lugo 0-0: Called Strike
0-1: Hit by Pitch
Tommy Stanley to third
Dani Serrano to second
Batting: SHB Al Anderson 0-0: Called Strike
0-1: Swinging Strike
0-2: Ball
1-2: Ball
2-2: Strikes out swinging
Top of the 8th over - 0 run(s), 1 hit(s), 0 error(s), 3 left on base; Greenville 1 - Philadelphia 1776 2
BOTTOM OF THE 8TH
Philadelphia 1776 BC batting - Pitching for Greenville 84s : RHP Arinori Shibata
Batting: LHB Héctor Torres 0-0: Ball
1-0: Fly out, F9 (Flyball, 9)
Batting: LHB Rubén López 0-0: Called Strike
0-1: Ball
1-1: Swinging Strike
1-2: Strikes out swinging
Batting: SHB Jesús Cabañe 0-0: Ball
1-0: Ball
2-0: Called Strike
2-1: Ball
3-1: Called Strike
3-2: Strikes out swinging
Bottom of the 8th over - 0 run(s), 0 hit(s), 0 error(s), 0 left on base; Greenville 1 - Philadelphia 1776 2
TOP OF THE 9TH
Greenville 84s batting - Pitching for Philadelphia 1776 BC : RHP Carlos Ramos
Batting: RHB Yoshihito Saikawa 0-0: Ball
1-0: Ball
2-0: Called Strike
2-1: SINGLE (Line Drive, 89S)
Batting: RHB Robbie Chambers 0-0: Ball
1-0: Bunted foul
1-1: Sac Bunt - play at first, batter OUT! 1-4
Yoshihito Saikawa to second
Batting: RHB Joe Craig 0-0: Ball
1-0: Foul Ball, location: 2F
1-1: Ball
2-1: Ground out 4-3 (Groundball, 4)
Yoshihito Saikawa to third
Batting: SHB Jorge Barrios 0-0: Ball
1-0: Called Strike
1-1: Ball
2-1: Ball
3-1: Base on Balls
Pitching: RHP Bill Maddox
Pinch Hitting: LHB Toyokazu Asano 0-0: Ball
1-0: Ball
2-0: Fly out, F9 (Flyball, 89D)
Top of the 9th over - 0 run(s), 1 hit(s), 0 error(s), 2 left on base; Greenville 1 - Philadelphia 1776 2
Monday, March 20th, 2017 - OOTP Baseball 17.12 Build 75